cohdb
Replays
Latest Replays
All Replays
Popular Replays
Top Player Replays
Match Explorer
How It Works
Community
CoH3 Stats
Reddit
Sign in to upload your games and track your stats! →
Sign in with Steam
Match 41947357
Unlisted
Match 41947357
Overview
Messages
Build Orders
End
Construct Barracks
Selects Heavy Weapons
Riflemen Squad
Riflemen Squad
Construct Weapon Support Center
Bazooka Squad
Grenade Package
Construct Medical Station
Engineer Squad
Mechanized Support Center
Selects M2HB .50cal Heavy Machine Gun
Selects Assault Carriers
M3 Assault Carrier
Scout Squad
M1918 Browning Automatic Rifles
M1919 Machine Gun Team
Construct Tank Depot
M4A1 Sherman Medium Tank
Designate Forward Repair Station
M4A1 76mm Conversion
M3 Assault Carrier
Riflemen Squad
Selects Halftrack Strongpoints
Improved M9 Bazooka Rockets
he565
Brother
0
0
Comments
sign in to comment!
No comments posted yet!